 Dungeon Crawl Stone Soup version 0.29-a0-2-g12fcac58f8 (webtiles) character file.

Game seed: 5778323377067510872

11 cyrus the Conjurer (level 2, -1/19 HPs)
             Began as a Human Conjurer on Jan 26, 2022.
             Slain by a jackal (3 damage)
             ... on level 1 of the Dungeon.
             The game lasted 00:03:08 (533 turns).

cyrus the Conjurer (Human Conjurer)                  Turns: 533, Time: 00:03:08

Health: -1/19      AC:  2    Str:  7    XL:     2   Next: 40%
Magic:  3/5        EV: 12    Int: 18    God:
Gold:   13         SH:  0    Dex: 11    Spells: 4/5 levels left

rFire   . . .      SeeInvis .   (no weapon)
rCold   . . .      Faith    .   (no shield)
rNeg    . . .      Spirit   .   a - +0 robe
rPois   .          Reflect  .   (no helmet)
rElec   .          Harm     .   (no cloak)
rCorr   .          Rampage  .   (no gloves)
Will    .....                   (no boots)
Stlth   ++........              (no amulet)
HPRegen 0.06/turn               (no ring)
MPRegen 0.09/turn               (no ring)

@: no status effects
A: no striking features
a: no special abilities


You were on level 1 of the Dungeon.
You visited 1 branch of the dungeon, and saw 1 of its levels.

You collected 13 gold pieces.

Inventory:

Armour
 a - a +0 robe (worn)
Scrolls
 c - a scroll of teleportation {unknown}
 d - a scroll of blinking {unknown}
 e - a scroll of identify {unknown}
 f - a scroll of amnesia {unknown}
Potions
 b - 2 potions of curing {unknown}


   Skills:
 + Level 2.0 Dodging
 + Level 2.2 Stealth
 + Level 2.0 Spellcasting
 + Level 4.4 Conjurations


You had 4 spell levels left.
You knew the following spells:

 Your Spells              Type           Power      Damage    Failure   Level
a - Magic Dart            Conj           68%        1d6       3%          1

Your spell library contained the following spells:

 Spells                   Type           Power      Damage    Failure   Level
 Searing Ray              Conj           34%        2d5       4%          2
 Dazzling Flash           Conj/Hex       18%        N/A       22%         3
 Fulminant Prism          Conj/Hex       4%         3d6       58%         4
 Iskenderun's Mystic Bla  Conj/Tloc      9%         2d4       58%         4


Dungeon Overview and Level Annotations

Branches:
Dungeon (1/15)

Altars:

Shops:
D:1 =


Message History

You miss the jackal. The jackal closely misses you.
You hit the jackal.
The jackal is moderately wounded.
The jackal bites you. x2
You closely miss the jackal.
The jackal is moderately wounded.
The jackal barely misses you.
You hit the jackal but do no damage.
The jackal is moderately wounded.
The jackal barely misses you. The jackal misses you.
You miss the jackal.
The jackal is moderately wounded.
The jackal closely misses you.
You miss the jackal.
The jackal is moderately wounded.
The jackal misses you.
You hit the jackal but do no damage.
The jackal is moderately wounded.
The jackal misses you. The jackal barely misses you.
You hit the jackal but do no damage.
The jackal is moderately wounded.
The jackal bites you but does no damage.
You hit the jackal but do no damage.
The jackal is moderately wounded.
The jackal bites you.
* * * LOW HITPOINT WARNING * * *
The jackal barely misses you.
You closely miss the jackal.
The jackal is moderately wounded.
The jackal bites you.
* * * LOW HITPOINT WARNING * * *
You closely miss the jackal.
The jackal is moderately wounded.
The jackal closely misses you.
You barely miss the jackal.
The jackal is moderately wounded.
The jackal bites you.
* * * LOW HITPOINT WARNING * * *
The jackal bites you.
You die...

.........#.....(....# #.......
.....#...#..........######.#...#
......#..#..........#.......#.#..
.#######.'..........#........∩...
......#..#..........#.......#.#..
.....#............###......#...#
.........##...###..##............
........##.............####.#..†.
#########...##''@h†##...###......
...# #...###.......###...###....
...# ##..##...........##..## ....
##.# #...##...........##...# ##
##.###..#######'''#######..#
.#.##...#o#...........#o#..#
.#.##...###..8.###.8..###..#
.#......#§§§...........§#..#
.###....#§..(..........≈#..#


You could see a jackal.

Vanquished Creatures
  A bat (D:1)
  2 endoplasms (D:1)
  2 hobgoblins (D:1)
  2 jackals (D:1)
  A quokka (D:1)
  A frilled lizard (D:1)
9 creatures vanquished.

Notes
Turn   | Place    | Note
-------+----------+-------------------------------------------
     0 | D:1      | cyrus the Human Conjurer began the quest for the Orb.
     0 | D:1      | Reached XP level 1. HP: 13/13 MP: 3/3
    48 | D:1      | Found Bahits's Jewellery Shoppe.
   221 | D:1      | Reached XP level 2. HP: 19/19 MP: 0/5
   533 | D:1      | Slain by a jackal

Illustrated notes

Levels and vault maps discovered:
D:1:      lordsloth_arrival_two_stooges, layout_basic, serial_shops,
          nicolae_shop_advertising_works [nicolae_subvault_shop_adworks]

Action                   || total
-------------------------++-------
Melee: Unarmed           ||    24
       Punch             ||     2
 Cast: Magic Dart        ||    17
Armor: Robe              ||     1
Dodge: Dodged            ||    29

Table legend: (Time is in decaauts)
 A = Elapsed time spent in this place.
 B = Non-inter-level travel time spent in this place.
 C = Inter-level travel time spent in this place.
 D = Time resting spent in this place.
 E = Time spent auto-exploring this place.
 F = Levels seen in this place.
 G = Mean time per level.
                   A        B        C        D        E       F      G
               +--------+--------+--------+--------+--------+-----+--------+
         Total |    533 |    533 |      0 |    178 |    224 |   1 |  533.0 |
       Dungeon |    533 |    533 |      0 |    178 |    224 |   1 |  533.0 |
               +--------+--------+--------+--------+--------+-----+--------+

Top non-repeatable levels by time:
     D:1: 533 daAuts
